 Dungeon Crawl Stone Soup version 0.29-a0-283-ga02f740833 (webtiles) character file.

Game seed: 12860696065930541779

14831 sammy202020 the Protected (level 11, -3/177 HPs)
             Began as a Minotaur Fighter on Mar 14, 2022.
             Was a High Priest of Trog.
             Slain by Frances
             ... wielding a +0 war axe
              (20 damage)
             ... on level 12 of the Dungeon.
             The game lasted 00:25:59 (11827 turns).

sammy202020 the Protected (Minotaur Fighter)       Turns: 11827, Time: 00:26:00

Health: -3/177     AC: 18    Str: 22    XL:     11   Next: 93%
Magic:  10/10      EV:  9    Int:  9    God:    Trog [*****.]
Gold:   889        SH:  7    Dex: 13    Spells: 10/10 levels left

rFire   . . .      SeeInvis +   q - +1 war axe (freeze)
rCold   . . .      Faith    .   c - +0 buckler
rNeg    . . .      Spirit   .   I - +0 plate armour
rPois   .          Reflect  .   (helmet restricted)
rElec   .          Harm     .   i - +0 cloak
rCorr   .          Rampage  .   (no gloves)
Will    ++...                   (no boots)
Stlth   ..........              b - amulet of Vitality {Regen+ HP+15}
HPRegen 2.19/turn               E - +4 ring of slaying
MPRegen 0.12/turn               J - ring of see invisible

@: berserking, strong-willed, regenerating, very quick
A: horns 2, retaliatory headbutt, iridescent scales 1, thin skeletal structure
1, strong 1, noise suppression
a: Renounce Religion, Berserk, Trog's Hand, Brothers in Arms


You were on level 12 of the Dungeon.
You worshipped Trog.
Trog was extremely pleased with you.
You visited 2 branches of the dungeon, and saw 13 of its levels.
You also visited: Sewer.

You collected 993 gold pieces.
You spent 104 gold pieces at shops.

Inventory:

Hand Weapons
 a - a +2 war axe
 q - a +1 war axe of freezing (weapon)
 G - a +1 morningstar of freezing
Missiles
 H - 3 boomerangs (quivered)
Armour
 c - a +0 buckler (worn)
 i - a +0 cloak (worn)
 p - a +0 chain mail
 I - a +0 plate armour (worn)
Jewellery
 b - the amulet of Vitality (around neck) {Regen+ HP+15}
   (You found it on level 3 of the Dungeon)

   [amulet of regeneration]

   HP:        It affects your health (+15).
   Regen:     It increases your rate of health regeneration.
 e - a +4 ring of protection
 g - a ring of ice
 j - a +4 ring of evasion
 s - a ring of poison resistance
 E - a +4 ring of slaying (left hand)
 J - a ring of see invisible (right hand)
Wands
 k - a wand of acid (9)
 o - a wand of paralysis (9)
 t - a wand of polymorph (11)
 A - a wand of mindburst (26)
 F - a wand of digging (6)
Scrolls
 r - a scroll of blinking {unknown}
 y - 2 scrolls of fear
 B - 4 scrolls of fog
 C - a scroll of enchant weapon
 K - a scroll of teleportation
 L - a scroll of identify
Potions
 d - 3 potions of might
 f - a potion of brilliance
 h - a potion of flight
 l - 3 potions of cancellation
 m - 2 potions of heal wounds
 n - 8 potions of curing
 u - a potion of attraction
 v - a potion of invisibility
 w - 3 potions of magic {unknown}
 x - a potion of mutation
 z - a potion of resistance {unknown}
 D - a potion of berserk rage {unknown}


   Skills:
 * Level 11.6 Fighting
 * Level 11.3 Axes
 * Level 11.6 Armour
 + Level 7.1 Dodging
 * Level 11.6 Shields


You had 10 spell levels left.
You didn't know any spells.
Your spell library contained the following spells:

 Spells                   Type           Power      Damage    Failure   Level
 Animate Skeleton         Necr           0%         N/A       99%         1
 Pain                     Necr           0%         1d4       99%         1
 Call Canine Familiar     Summ           0%         N/A       100%        3
 Portal Projectile        Hex/Tloc       0%         N/A       100%        3
 Vampiric Draining        Necr           0%         2d6       100%        3
 Leda's Liquefaction      Hex/Erth       0%         N/A       100%        4


Dungeon Overview and Level Annotations

Branches:
Dungeon (12/15)            Temple (1/1) D:4            Lair (0/6) D:9
    Orc (0/2) D:12          Sewer (visited)

Altars:
Ashenzari
Cheibriados
Dithmenos
Elyvilon
Fedhas
Gozag
Hepliaklqana
Kikubaaqudgha
Makhleb
Nemelex Xobeh
Okawaru
Qazlal
Ru
Sif Muna
Trog
Uskayaw
Vehumet
Wu Jian
Xom
Yredelemnul
Zin
The Shining One

Shops:
D:5 !!   D:7 *   D:8 [

Annotations:
D:12 Frances


Innate Abilities, Weirdness & Mutations

You have a pair of horns on your head.
You reflexively headbutt those who attack you in melee.
You are partially covered in iridescent scales. (AC +2)
You have a somewhat thin skeletal structure. (Dex +2, Stealth+)
Your muscles are strong. (Str +2)
You passively dampen the noise of your surroundings.


Message History

The centaur barely misses you. You furiously retaliate!
You headbutt the centaur!!
You kill the centaur!
Trog accepts your kill.
The centaur shoots an arrow.
You block the arrow.
The centaur hits you but does no damage.
The centaur kicks you but does no damage.
You completely miss Frances. You slash the centaur! You freeze the centaur.
You feel the power of Trog in you as your rage grows.
You kill the centaur!
Trog accepts your kill.
You slash the centaur! You freeze the centaur. You barely miss the sun demon.
The centaur hits you but does no damage.
The centaur completely misses you. You block Frances's attack.
The sun demon hits you!
* * * LOW HITPOINT WARNING * * *
You are engulfed in flames!
* * * LOW HITPOINT WARNING * * *
You slash Frances! You freeze Frances.
Frances is lightly wounded.
You closely miss the sun demon. You hit the centaur but do no damage.
You closely miss the centaur. You hit the centaur. You freeze the centaur.
The centaur hits you but does no damage.
The centaur kicks you but does no damage.
The centaur unwields a +0 shortbow.
The centaur hits you but does no damage.
The centaur closely misses you.
The soul eater draws from the surrounding life force!
* * * LOW HITPOINT WARNING * * *
The centaur unwields a +0 shortbow.
You block the centaur's attack. The centaur closely misses you.
You slash Frances! You freeze Frances.
Frances is moderately wounded.
You hit the sun demon but do no damage. You slash the centaur!
You freeze the centaur. You barely miss the centaur. You slice the centaur!!
You freeze the centaur.
You kill the centaur!
Trog accepts your kill. You block the sun demon's attack.
Frances hits you with a +0 war axe!!
You die...

# #.# #
#.......########.##
#.# #.....#.#### #...
#.. #..........# ###.
######.....≈.≈..# ##
#..?$....#.≈⌠≈..##
..#.........≈.....[.
#...................
#.....cc..###.......
#....)@3..# .......
......)@.............
##......3..###......
#.........# ...
#.........#
#.........#
#.........#
#.........#


You could see Frances, a soul eater (summoned), a sun demon (summoned) and 2
centaurs.

Vanquished Creatures
  A hydra (D:11)
  Erolcha (D:10)
  3 two-headed ogres
  An ugly thing (D:12)
  2 manticores
  Joseph (D:8)
  2 unseen horrors
  Psyche (D:8)
  A kobold demonologist (D:7)
  An efreet (D:10)
  2 trolls
  A polar bear (D:12)
  A hornet (D:9)
  2 slime creatures
  Sigmund (D:5)
  A centaur simulacrum (D:12)
  2 shadows
  2 yaks (D:12)
  A wyvern (D:10)
  7 vampire mosquitoes
  A steam dragon (D:9)
  3 wargs
  3 acid dragons
  A water moccasin (D:7)
  3 black bears
  6 orc warriors
  5 ice beasts
  A sky beast (D:6)
  2 ogres
  5 centaurs
  2 wolves (D:12)
  A phantom (D:2)
  8 bullfrogs
  3 kobold brigands
  A scorpion (D:4)
  6 wights (D:8)
  2 howler monkeys
  7 electric eels (D:10)
  5 hounds
  6 jellies (D:9)
  9 orc priests
  A gnoll shaman (D:5)
  6 iguanas
  9 orc wizards
  18 gnolls
  12 adders
  A river rat (D:5)
  2 white imps
  An ufetubus (D:5)
  A worm (D:2)
  2 dart slugs
  36 orcs
  17 ball pythons
  35 endoplasms
  11 giant cockroaches
  9 goblins
  11 hobgoblins
  5 quokkas
  8 bats
  9 frilled lizards
  53 kobolds
  11 rats
372 creatures vanquished.

Vanquished Creatures (others)
  3 fungi (D:9)
3 creatures vanquished.

Grand Total: 375 creatures vanquished

Notes
Turn   | Place    | Note
-------+----------+-------------------------------------------
     0 | D:1      | sammy202020 the Minotaur Fighter began the quest for the
                  | Orb.
     0 | D:1      | Reached XP level 1. HP: 19/19 MP: 0/0
   115 | D:1      | Reached XP level 2. HP: 17/27 MP: 1/1
   605 | D:1      | Reached XP level 3. HP: 33/33 MP: 2/2
   713 | D:1      | Found a faded altar of an unknown god.
  1332 | D:2      | Noticed a phantom
  1345 | D:2      | Reached XP level 4. HP: 27/40 MP: 3/3
  1349 | D:2      | Killed a phantom
  1350 | D:2      | Reached skill level 1 in Dodging
  1350 | D:2      | Reached XP level 5. HP: 25/47 MP: 4/4
  2125 | D:3      | Noticed an ice beast
  2137 | D:3      | Killed an ice beast
  2460 | D:3      | Found the amulet of Vitality {Regen+ HP+15}
  2709 | D:3      | Reached skill level 5 in Fighting
  2709 | D:3      | Reached skill level 5 in Armour
  2709 | D:3      | Reached skill level 5 in Shields
  2709 | D:3      | Reached XP level 6. HP: 56/56 MP: 5/5
  3430 | D:4      | Reached XP level 7. HP: 57/61 MP: 6/6
  3652 | D:4      | Found a staircase to the Ecumenical Temple.
  3660 | D:4      | Reached skill level 5 in Axes
  3676 | Temple   | Entered the Ecumenical Temple
  3945 | Temple   | Became a worshipper of Trog the Wrathful
  4124 | D:4      | You fall into a shaft and drop 1 floor!
  4124 | D:5      | Entered Level 5 of the Dungeon
  4299 | D:5      | Noticed Sigmund
  4328 | D:5      | Killed Sigmund
  4355 | D:5      | Found Xamaras's Distillery.
  4361 | D:5      | Bought a potion of mutation for 104 gold pieces
  4428 | D:5      | Found a glowing drain.
  4445 | Sewer    | Entered a sewer
  4509 | Sewer    | Reached * piety under Trog
  4589 | Sewer    | Reached XP level 8. HP: 71/71 MP: 7/7
  4820 | D:5      | Reached ** piety under Trog
  4991 | D:5      | Found Oschuusal's Distillery.
  5589 | D:6      | Gained mutation: You are weak. (Str -2) [potion of
                  | mutation]
  5589 | D:6      | Gained mutation: You are dopey. (Int -2) [potion of
                  | mutation]
  5589 | D:6      | Gained mutation: Your magical capacity is low. (-10% MP)
                  | [potion of mutation]
  5590 | D:6      | Lost mutation: You are weak. (Str -2) [potion of mutation]
  5590 | D:6      | Lost mutation: You are dopey. (Int -2) [potion of mutation]
  5590 | D:6      | Lost mutation: Your magical capacity is low. (-10% MP)
                  | [potion of mutation]
  5590 | D:6      | Gained mutation: You are occasionally teleported next to
                  | monsters. [potion of mutation]
  5591 | D:6      | Lost mutation: You are occasionally teleported next to
                  | monsters. [potion of mutation]
  5591 | D:6      | Gained mutation: You have hidden genetic defects. [potion
                  | of mutation]
  5591 | D:6      | Gained mutation: You are clumsy. (Dex -2) [potion of
                  | mutation]
  5591 | D:6      | Gained mutation: You passively dampen the noise of your
                  | surroundings. [potion of mutation]
  5591 | D:6      | Gained mutation: You are partially covered in iridescent
                  | scales. (AC +2) [potion of mutation]
  5592 | D:6      | Lost mutation: You have hidden genetic defects. [potion of
                  | mutation]
  5592 | D:6      | Lost mutation: You are clumsy. (Dex -2) [potion of
                  | mutation]
  5592 | D:6      | Gained mutation: Your muscles are strong. (Str +2) [potion
                  | of mutation]
  5592 | D:6      | Gained mutation: You have a somewhat thin skeletal
                  | structure. (Dex +2, Stealth+) [potion of mutation]
  5759 | D:6      | Reached XP level 9. HP: 79/79 MP: 8/8
  6058 | D:7      | Reached *** piety under Trog
  6171 | D:7      | Noticed a kobold demonologist
  6172 | D:7      | Noticed an orange demon
  6173 | D:7      | Noticed an ice devil
  6192 | D:7      | Killed a kobold demonologist
  6412 | D:7      | Found Ythruyfef's General Store.
  6945 | D:8      | Found Keum's Armour Emporium.
  7296 | D:8      | Noticed Psyche
  7302 | D:8      | Killed Psyche
  7312 | D:8      | Found a shimmering blue altar of Sif Muna.
  7479 | D:8      | Reached skill level 5 in Dodging
  7820 | D:8      | Reached XP level 10. HP: 90/90 MP: 9/9
  7880 | D:8      | Noticed Joseph
  7888 | D:8      | Killed Joseph
  8260 | D:9      | Noticed a manticore
  8271 | D:9      | Killed a manticore
  8510 | D:9      | Paralysed by a hornet for 2 turns
  8521 | D:9      | Reached **** piety under Trog
  8767 | D:9      | Found a staircase to the Lair.
  9115 | D:9      | Reached skill level 10 in Fighting
  9212 | D:10     | Entered Level 10 of the Dungeon
  9225 | D:10     | Noticed a two-headed ogre
  9231 | D:10     | Killed a two-headed ogre
  9232 | D:10     | Reached skill level 10 in Armour
  9232 | D:10     | Reached skill level 10 in Shields
  9433 | D:10     | Reached skill level 10 in Axes
  9433 | D:10     | Reached XP level 11. HP: 80/100 MP: 10/10
 10588 | D:11     | Noticed Erolcha
 10605 | D:10     | Killed Erolcha
 10812 | D:11     | Identified the +2 buckler of Parts Unknown {Harm rC- MP+9
                  | Slay-3}
 10896 | D:11     | Noticed a seven-headed hydra
 10905 | D:11     | Killed an eight-headed hydra
 11158 | D:11     | Noticed a two-headed ogre
 11166 | D:11     | Killed a two-headed ogre
 11368 | D:11     | Found a glowing silver altar of Zin.
 11479 | D:12     | Noticed a white ugly thing
 11487 | D:12     | Noticed a two-headed ogre
 11500 | D:12     | Killed a white ugly thing
 11512 | D:12     | Killed a two-headed ogre
 11632 | D:12     | Reached ***** piety under Trog
 11668 | D:12     | Found a staircase to the Orcish Mines.
 11818 | D:12     | Noticed Frances
 11824 | D:12     | Noticed a sun demon
 11824 | D:12     | Noticed a soul eater
 11827 | D:12     | Slain by Frances

Illustrated notes

Levels and vault maps discovered:
D:1:      lemuel_arrival_lava_pool, layout_loops_ring,
          shapermc_ecumenical_altar_flowoftime
D:2:      layout_rooms, serial_glass, glass_columns_a, glass_columns_b,
          glass_columns_b, glass_columns_a, minmay_strange_pillars,
          feat_on_display, due_unseen_surprise, minmay_pentomino_w4
D:3:      minmay_goblin_kobold_castle, layout_loops_ring
D:4:      layout_basic, minmay_temple_entry_drinking_statues
D:5:      layout_cave_pods, serial_shops, shop_fountains,
          nicolae_lakefront_shop, cheibrodos_sewer_entry_sluice, uniq_sigmund
D:6:      layout_loops_ring
D:7:      layout_loops_ring, serial_shops, shop_coins
D:8:      kennysheep_spiral_hall, layout_layer_cave, tgw_sif, serial_shops,
          nicolae_shop_temple_entry_statues_fountains, uniq_psyche, uniq_joseph
D:9:      lemuel_slime, layout_basic, erik_lair_orcish_takeover
D:10:     layout_basic
D:11:     layout_basic, zin_academy, uniq_erolcha
D:12:     layout_rooms, erik_orc_3, serial_ice, serial_ice_d, serial_ice_b,
          serial_ice_c, serial_ice_e, serial_ice_a, serial_ice_l,
          portal_ice_cave_entry_pillars_1, corexii_leaking_fountain,
          uniq_frances
Temple:   mainiacjoe_temple_trianglar_array

Skill      XL: |  1  2  3  4  5  6  7  8  9 10 11 |
---------------+----------------------------------+-----
Shields        | 4 5 6 7 8 10 11 | 11.6
Armour         | 4 5 6 7 8 10 11 | 11.6
Fighting       | 4 5 6 7 8 10 11 | 11.6
Axes           | 3 4 5 7 8 10 11 | 11.3
Dodging        | 1 2 3 5 6 7 |  7.1

Action                   |  1- 3 |  4- 6 |  7- 9 | 10-12 || total
-------------------------+-------+-------+-------+-------++-------
Melee: War axe           |    75 |   147 |   345 |   290 ||   857
       Headbutt          |    11 |    21 |    56 |    64 ||   152
       Morningstar       |       |       |       |     2 ||     2
Throw: Dart              |     1 |       |     9 |     9 ||    19
       Boomerang         |       |       |       |    10 ||    10
Invok: Berserk           |       |       |     2 |     3 ||     5
       Trog's Hand       |       |       |     1 |     3 ||     4
  Use: Potion            |     1 |       |     4 |       ||     5
       Scroll            |       |     2 |     9 |     5 ||    16
Armor: Scale mail        |    37 |     5 |       |       ||    42
       Chain mail        |       |    87 |   166 |     7 ||   260
       Plate armour      |       |       |       |   202 ||   202
Dodge: Dodged            |    46 |   108 |   220 |   122 ||   496
Block: Buckler           |    13 |    46 |   107 |   107 ||   273

Table legend: (Time is in decaauts)
 A = Elapsed time spent in this place.
 B = Non-inter-level travel time spent in this place.
 C = Inter-level travel time spent in this place.
 D = Time resting spent in this place.
 E = Time spent auto-exploring this place.
 F = Levels seen in this place.
 G = Mean time per level.
                   A        B        C        D        E       F      G
               +--------+--------+--------+--------+--------+-----+--------+
         Total |  12111 |  11894 |    217 |    943 |   7781 |  14 |  865.1 |
       Dungeon |  11291 |  11081 |    210 |    943 |   7275 |  12 |  940.9 |
        Temple |    442 |    435 |      7 |      0 |    366 |   1 |  442.0 |
         Sewer |    377 |    377 |      0 |      0 |    139 |   1 |  377.0 |
               +--------+--------+--------+--------+--------+-----+--------+

Top non-repeatable levels by time:
     D:3: 1629 daAuts
     D:8: 1518 daAuts
    D:10: 1399 daAuts
     D:1: 1059 daAuts
     D:9: 1032 daAuts
     D:5: 878 daAuts
    D:11: 839 daAuts
     D:7: 748 daAuts
     D:2: 741 daAuts
     D:6: 695 daAuts
  Temple: 442 daAuts
    D:12: 396 daAuts
   Sewer: 377 daAuts
     D:4: 352 daAuts
